 Dungeon Crawl Stone Soup version 0.25.1-2-g60ff931df9 (webtiles) character file.

Game seed: 11528090706729565995

79 Ivernyr the Chiller (level 4, -7/22 HPs)
             Began as a Vine Stalker Ice Elementalist on Oct 19, 2020.
             Mangled by an ogre
             ... wielding a +0 giant club
              (20 damage)
             ... on level 3 of the Dungeon.
             The game lasted 00:05:00 (2001 turns).

Ivernyr the Chiller (Vine Stalker Ice Elementalist) Turns: 2001, Time: 00:05:01

Health: -7/22      AC:  2    Str: 10    XL:     4   Next: 38%
Magic:  0/9        EV: 13    Int: 16    God:
Gold:   63         SH:  0    Dex: 15    Spells: 1/8 levels left

rFire    . . .     SeeInvis .   b - +0 dagger (venom)
rCold    . . .     Gourm    .   (no shield)
rNeg     . . .     Faith    .   a - +0 robe
rPois    .         Spirit   +   (no helmet)
rElec    .         Reflect  .   (no cloak)
rCorr    .         Harm     .   (no gloves)
MR       .....                  (no boots)
Stlth    ++........             (no amulet)
HPRegen  0.47/turn              (no ring)
MPRegen  0.11/turn              (no ring)

@: no status effects
A: fangs 2, regeneration 1, magic shield, antimagic bite, no potion heal 3, rot
immunity
a: no special abilities


You were on level 3 of the Dungeon.
You were not hungry.

You visited 1 branch of the dungeon, and saw 3 of its levels.

You collected 63 gold pieces.

Inventory:

Hand Weapons
 b - a +0 dagger of venom (weapon)
Armour
 a - a +0 robe (worn)
Scrolls
 d - a scroll of blinking {unknown}
 f - a scroll of teleportation {unknown}
 i - a scroll of amnesia {unknown}
 j - a scroll of fear {unknown}
 k - 3 scrolls of remove curse {unknown}
 l - 2 scrolls of identify {unknown}
 m - a scroll of enchant armour {unknown}
 o - a scroll of random uselessness {unknown}
 p - a scroll of immolation {unknown}
Potions
 e - a potion of flight {unknown}
 g - a potion of mutation {unknown}
 h - a potion of brilliance {unknown}
 q - a potion of invisibility {unknown}
 r - a potion of stabbing {unknown}
Comestibles
 c - 3 rations
 n - a chunk of flesh


   Skills:
 + Level 1.3 Fighting
 + Level 2.1 Dodging
 - Level 2.4 Stealth
 + Level 2.8 Spellcasting
 * Level 4.8 Ice Magic


You had one spell level left.
You knew the following spells:

 Your Spells              Type           Power        Failure   Level  Hunger
a - Freeze                Ice            ###.         2%          1    #......
b - Frozen Ramparts       Ice            ###...       8%          3    ###....
c - Ozocubu's Armour      Chrm/Ice       #.......     22%         3    ###....

Your spell library contained the following spells:

 Spells                   Type           Power        Failure   Level  Hunger
 Hailstorm                Conj/Ice       #.......     56%         4    #####..
 Summon Ice Beast         Ice/Summ       #.......     56%         4    #####..


Dungeon Overview and Level Annotations

Branches:
Dungeon (3/15)

Altars:


Innate Abilities, Weirdness & Mutations

You have extremely sharp teeth.
Your natural rate of healing is unusually fast.
When hurt, damage is shared between your health and your magic reserves.
Your bite disrupts and absorbs the magic of your enemies.
Potions cannot restore your health.
You are immune to rotting.


Message History

You kill the hobgoblin!
You hit the orc.
The orc is poisoned.
Your bite misses the orc.
The orc is heavily wounded.
The orc completely misses you.
You hit the orc but do no damage.
The orc looks as sick as possible!
The orc is heavily wounded.
The orc hits you with a +0 hand axe.
You closely miss the orc.
The orc is almost dead.
You kill the orc!
You hit the ogre.
The ogre is poisoned.
You bite the ogre. You drain its power.
You feel invigorated.
The ogre is lightly wounded.
The ogre hits you with a +0 giant club!
You hit the ogre.
The ogre looks as sick as possible!
Your bite misses the ogre.
The ogre is lightly wounded.
The ogre hits you with a +0 giant club!!
Ouch! That really hurt!
You die...

......a##.
<........
.........
........# ###
?.....).# ...
........###.#
...........>#
.#.######O###
#.######@#
#........#
#.#####..#
.........#
##.#####.# ##
####.###...#
#....<...#
#.#.####.# #
#.


You could see an ogre (extremely poisoned).

Vanquished Creatures
  4 adders (D:2)
  A dart slug (D:2)
  A leopard gecko (D:1)
  An orc (D:3)
  A giant cockroach (D:2)
  7 goblins
  8 hobgoblins
  2 ball pythons (D:1)
  6 bats
  A frilled lizard (D:1)
  2 kobolds
  5 rats
39 creatures vanquished.

Notes
Turn   | Place    | Note
-------+----------+-------------------------------------------
     0 | D:1      | Ivernyr the Vine Stalker Ice Elementalist began the quest
                  | for the Orb.
     0 | D:1      | Reached XP level 1. HP: 9/9 MP: 4/4
   148 | D:1      | Reached XP level 2. HP: 8/14 MP: 3/6
   896 | D:1      | Reached XP level 3. HP: 15/17 MP: 1/7
  1409 | D:2      | Reached skill level 1 in Fighting
  1642 | D:2      | Gained mutation: Your natural rate of healing is unusually
                  | fast. [Vine Stalker growth]
  1642 | D:2      | Reached XP level 4. HP: 22/22 MP: 9/9
  1759 | D:2      | Learned a level 3 spell: Frozen Ramparts
  1763 | D:2      | Learned a level 3 spell: Ozocubu's Armour
  1980 | D:3      | Noticed an ogre
  2001 | D:3      | Mangled by an ogre

Illustrated notes

Levels and vault maps discovered:
D:1:      onia_arrival_handbag, layout_basic
D:2:      layout_loops_ring, first_ration
D:3:      layout_loops_ring, uniq_robin

Skill      XL: |  1  2  3 |
---------------+----------+-----
Fighting       | 1 |  1.3
Dodging        | 2 |  2.1
Stealth        | |  2.4
Spellcasting   | |  2.8
Ice Magic      | |  4.8

Action                   |  1- 3 |  4- 6 || total
-------------------------+-------+-------++-------
Melee: Spear             |    18 |       ||    18
       Bite              |     6 |     4 ||    10
       Dagger            |    10 |    19 ||    29
 Cast: Freeze            |    26 |     4 ||    30
 Stab: Sleeping          |     5 |     2 ||     7
  Eat: Chunk             |     2 |     2 ||     4
Armor: Robe              |    10 |     1 ||    11
Dodge: Dodged            |    28 |    10 ||    38
